 Dungeon Sprint DCSS version 0.28.0-53-g5a82cb258f (webtiles) character file.

Game seed: 12068221141977312660

4100000 Zeld the Champion of Chaos (level 21, -24/204 HPs)
             Began as a Gnoll Monk on May 24, 2022.
             Was the Champion of Makhleb.
             Annihilated by a meat berserker
             ... wielding a +9 battleaxe
              (37 damage)
             ... in the Dungeon (Sprint VIII: "Arena of Blood").
             The game lasted 00:00:49 (41 turns).

Zeld the Champion of Chaos (Gnoll Monk)               Turns: 41, Time: 00:00:49

Health: -24/204    AC:  4    Str: 19    XL:     21   Next: 42%
Magic:  9/52       EV: 27    Int: 12    God:    Makhleb [******]
Gold:   0          SH:  0    Dex: 15    Spells: 74/74 levels left

rFire   . . .      SeeInvis .   h - +∞ Axe of Woe
rCold   . . .      Faith    .   (shield currently unavailable)
rNeg    . . .      Spirit   .   a - +0 robe
rPois   .          Reflect  .   (no helmet)
rElec   .          Harm     .   (no cloak)
rCorr   .          Rampage  .   (no gloves)
Will    +....      NoTele   +   (no boots)
Stlth   +++++++++.              (no amulet)
HPRegen 0.44/turn               (no ring)
MPRegen 0.33/turn               (no ring)

@: no status effects
A: fangs 1, strong nose, distributed training
a: Renounce Religion, Minor Destruction, Lesser Servant of Makhleb, Major
Destruction, Greater Servant of Makhleb


You were in the Dungeon.
You worshipped Makhleb.
Makhleb was exalted by your worship.
You visited 1 branch

Inventory:

Hand Weapons
 h - the +∞ Axe of Woe (weapon)
   (You found it in the Dungeon)
Armour
 a - a +0 robe (worn)
Scrolls
 g - a scroll of blinking
Potions
 b - a potion of curing
 c - a potion of heal wounds
 d - a potion of haste
 e - 2 potions of magic
 f - a potion of berserk rage


   Skills:
 O Level 27 Fighting
 O Level 27 Short Blades
 O Level 27 Long Blades
 O Level 27 Axes
 O Level 27 Maces & Flails
 O Level 27 Polearms
 O Level 27 Staves
 O Level 27 Slings
 O Level 27 Bows
 O Level 27 Crossbows
 O Level 27 Throwing
 O Level 27 Armour
 O Level 27 Dodging
 O Level 27 Stealth
 O Level 27 Shields
 O Level 27 Unarmed Combat
 O Level 27 Spellcasting
 + Level 26.9 Conjurations
 + Level 26.9 Hexes
 + Level 26.9 Summonings
 + Level 26.9 Necromancy
 + Level 26.9 Translocations
 + Level 26.9 Transmutations
 + Level 26.9 Fire Magic
 + Level 26.9 Ice Magic
 + Level 26.9 Air Magic
 + Level 26.9 Earth Magic
 + Level 26.9 Poison Magic
 O Level 27 Invocations
 O Level 27 Evocations


You had 74 spell levels left.
You didn't know any spells.
Your spell library was empty.

Dungeon Overview and Level Annotations

Branches:
Dungeon (1/1)

Altars:
Makhleb


Innate Abilities, Weirdness & Mutations

You have very sharp teeth.
Your uncanny sense of smell can sniff out nearby items.
Your experience applies equally to all skills.


Message History

Your Transmutations skill gained 2 levels and is now at level 26!
Your Fire Magic skill gained 2 levels and is now at level 26!
Your Ice Magic skill gained 2 levels and is now at level 26!
Your Air Magic skill gained 2 levels and is now at level 26!
Your Earth Magic skill gained 2 levels and is now at level 26!
Your Poison Magic skill gained 2 levels and is now at level 26!
You have reached level 21!
Your experience leads to an increase in your attributes!
Increase (S)trength, (I)ntelligence, or (D)exterity?
You feel stronger. x2
Unknown command.
Press < or > to pray at altars.
You hit the meat berserker but do no damage.
You slaughter the meat berserker joyfully.
You kill the meat berserker!
Makhleb accepts your kill.
You feel better.
You hear a shout! x3
The destroyer points at you and mumbles some strange words.
The destroyer blinks!
You hear a shout!
Unknown command.
Press < or > to pray at altars.
Unknown command.
Press < or > to pray at altars.
You hear a shout! x5
The destroyer hits you with a +9 vorpal great sword!!!!
Ouch! That really hurt!
The destroyer bites you.
The destroyer draws strength from your injuries!
You hear a shout! x2
The destroyer hits you with a +9 vorpal great sword!!!
* * * LOW HITPOINT WARNING * * *
x2 The destroyer bites you.
* * * LOW HITPOINT WARNING * * *
The destroyer draws strength from your injuries!
You hear a shout!
The meat berserker is engulfed in blazing flames.
The meat berserker hits you with a +9 battleaxe!!!
You die...

.. .. #.. ..# #..
..# .###.. ..###.
......###..§...
......._)......
....#..)).#.....
. #V)<)_# ...
....#.@Ozo#.....
.§..O.V)_)).o....
.......###)......
..###.. ..###.. .
#.. ..# . #.. ..#
... ..z .... ....
....


You could see 2 destroyers, a sculptor of flesh, a large bag of meat (inner
flame), a meat berserker (berserk) and 2 bags of meat.

Vanquished Creatures
  A vampire knight (D)
  13 ogres (D)
  A two-headed ogre (D)
  23 orcs (D)
  2 skeletal warriors (D)
40 creatures vanquished.

Notes
Turn   | Place    | Note
-------+----------+-------------------------------------------
     0 | D        | Found the +∞ Axe of Woe
     0 | D        | Zeld the Gnoll Monk began the quest for the Orb.
     0 | D        | Reached XP level 1. HP: 23/23 MP: 1/1
     1 | D        | Noticed a bag of meat
     2 | D        | Noticed a meat berserker
     2 | D        | Noticed a bag of meat
     4 | D        | Became a worshipper of Makhleb the Destroyer
     4 | D        | Reached * piety under Makhleb
     4 | D        | Reached ** piety under Makhleb
     5 | D        | Killed a meat berserker
     5 | D        | Noticed a meat berserker
     6 | D        | Reached XP level 2. HP: 39/39 MP: 1/14
     6 | D        | Reached XP level 3. HP: 45/45 MP: 1/15
     6 | D        | Reached XP level 4. HP: 52/52 MP: 1/17
     6 | D        | Reached XP level 5. HP: 58/58 MP: 1/18
     6 | D        | Reached XP level 6. HP: 65/65 MP: 1/20
     6 | D        | Reached XP level 7. HP: 71/71 MP: 1/21
     6 | D        | Reached XP level 8. HP: 78/78 MP: 1/23
     6 | D        | Reached XP level 9. HP: 84/84 MP: 1/24
     6 | D        | Reached XP level 10. HP: 91/91 MP: 1/25
     6 | D        | Reached XP level 11. HP: 97/97 MP: 1/26
     6 | D        | Reached XP level 12. HP: 103/103 MP: 1/27
     6 | D        | Noticed a bag of meat
     8 | D        | Killed a meat berserker
     9 | D        | Reached XP level 13. HP: 69/114 MP: 1/30
     9 | D        | Killed a bag of meat
    10 | D        | Reached skill level 15 in Fighting
    10 | D        | Reached skill level 15 in Dodging
    10 | D        | Reached skill level 15 in Unarmed Combat
    10 | D        | Noticed a bag of meat
    10 | D        | Noticed a bag of meat
    11 | D        | Noticed a bag of meat
    11 | D        | Noticed a bag of meat
    11 | D        | Noticed a bag of meat
    12 | D        | Noticed a bag of meat
    12 | D        | Killed a bag of meat
    12 | D        | Reached *** piety under Makhleb
    12 | D        | Noticed a bag of meat
    12 | D        | Noticed a bag of meat
    13 | D        | Reached skill level 15 in Invocations
    13 | D        | Reached XP level 14. HP: 121/123 MP: 2/32
    13 | D        | Noticed a bag of meat
    15 | D        | Noticed a bag of meat
    15 | D        | Killed a bag of meat
    15 | D        | Noticed a meat berserker
    15 | D        | Noticed a large bag of meat
    15 | D        | Noticed a bag of meat
    16 | D        | Reached skill level 15 in Stealth
    16 | D        | Killed a bag of meat
    16 | D        | Killed a bag of meat
    16 | D        | Reached **** piety under Makhleb
    16 | D        | Noticed a meat berserker
    16 | D        | Noticed a bag of meat
    16 | D        | Noticed a meat berserker
    16 | D        | Noticed a meat berserker
    17 | D        | Reached skill level 15 in Short Blades
    17 | D        | Reached skill level 15 in Long Blades
    17 | D        | Reached skill level 15 in Axes
    17 | D        | Reached skill level 15 in Maces & Flails
    17 | D        | Reached skill level 15 in Polearms
    17 | D        | Reached skill level 15 in Staves
    17 | D        | Reached skill level 15 in Slings
    17 | D        | Reached skill level 15 in Bows
    17 | D        | Reached skill level 15 in Crossbows
    17 | D        | Reached skill level 15 in Throwing
    17 | D        | Reached skill level 15 in Armour
    17 | D        | Reached skill level 15 in Shields
    17 | D        | Reached skill level 15 in Spellcasting
    17 | D        | Reached skill level 15 in Evocations
    17 | D        | Reached XP level 15. HP: 133/134 MP: 3/34
    19 | D        | Killed a meat berserker
    19 | D        | Killed a meat berserker
    19 | D        | Reached ***** piety under Makhleb
    19 | D        | Noticed a meat berserker
    20 | D        | Reached skill level 15 in Conjurations
    20 | D        | Reached skill level 15 in Hexes
    20 | D        | Reached skill level 15 in Summonings
    20 | D        | Reached skill level 15 in Necromancy
    20 | D        | Reached skill level 15 in Translocations
    20 | D        | Reached skill level 15 in Transmutations
    20 | D        | Reached skill level 15 in Fire Magic
    20 | D        | Reached skill level 15 in Ice Magic
    20 | D        | Reached skill level 15 in Air Magic
    20 | D        | Reached skill level 15 in Earth Magic
    20 | D        | Reached skill level 15 in Poison Magic
    20 | D        | Reached XP level 16. HP: 146/146 MP: 4/38
    20 | D        | Killed a large bag of meat
    20 | D        | Killed a meat berserker
    21 | D        | Reached XP level 17. HP: 135/157 MP: 4/41
    22 | D        | Killed a meat berserker
    22 | D        | Noticed a meat berserker
    23 | D        | Killed a meat berserker
    23 | D        | Reached ****** piety under Makhleb
    24 | D        | Reached XP level 18. HP: 171/171 MP: 5/44
    24 | D        | Noticed a meat berserker
    25 | D        | Noticed a destroyer
    26 | D        | Killed a destroyer
    27 | D        | Reached XP level 19. HP: 182/182 MP: 6/46
    28 | D        | Killed a meat berserker
    28 | D        | Noticed a meat berserker
    30 | D        | Killed a meat berserker
    31 | D        | Reached skill level 27 in Invocations
    31 | D        | Noticed a sculptor of flesh
    31 | D        | Killed a meat berserker
    32 | D        | Reached XP level 20. HP: 195/195 MP: 7/49
    33 | D        | Noticed a meat berserker
    34 | D        | Noticed a meat berserker
    34 | D        | Noticed a meat berserker
    35 | D        | Noticed a meat berserker
    36 | D        | Reached skill level 27 in Fighting
    36 | D        | Reached skill level 27 in Dodging
    36 | D        | Reached skill level 27 in Unarmed Combat
    37 | D        | Reached skill level 27 in Short Blades
    37 | D        | Reached skill level 27 in Long Blades
    37 | D        | Reached skill level 27 in Axes
    37 | D        | Reached skill level 27 in Maces & Flails
    37 | D        | Reached skill level 27 in Polearms
    37 | D        | Reached skill level 27 in Staves
    37 | D        | Reached skill level 27 in Slings
    37 | D        | Reached skill level 27 in Bows
    37 | D        | Reached skill level 27 in Crossbows
    37 | D        | Reached skill level 27 in Throwing
    37 | D        | Reached skill level 27 in Armour
    37 | D        | Reached skill level 27 in Stealth
    37 | D        | Reached skill level 27 in Shields
    37 | D        | Reached skill level 27 in Spellcasting
    37 | D        | Reached skill level 27 in Evocations
    38 | D        | Noticed a destroyer
    38 | D        | Noticed a large bag of meat
    38 | D        | Noticed a destroyer
    39 | D        | Killed a meat berserker
    39 | D        | Killed a meat berserker
    40 | D        | Reached XP level 21. HP: 183/204 MP: 9/52
    40 | D        | Killed a meat berserker
    41 | D        | Annihilated by a meat berserker

Illustrated notes

Levels and vault maps discovered:
D:        meatsprint

Skill      XL: |  1  2  3  4  5  6  7  8  9 10 11 12 13 14 15 16 17 18 19 20 |
---------------+-------------------------------------------------------------+-----
Fighting       | 12 14 15 17 19 20 23 24 26 27 | 27.0
Short Blades   | 11 13 14 15 18 20 22 23 25 27 | 27.0
Long Blades    | 11 13 14 15 18 20 22 23 25 27 | 27.0
Axes           | 11 13 14 15 18 20 22 23 25 27 | 27.0
Maces & Flails | 11 13 14 15 18 20 22 23 25 27 | 27.0
Polearms       | 11 13 14 15 18 20 22 23 25 27 | 27.0
Staves         | 11 13 14 15 18 20 22 23 25 27 | 27.0
Slings         | 11 13 14 15 18 20 22 23 25 27 | 27.0
Bows           | 11 13 14 15 18 20 22 23 25 27 | 27.0
Crossbows      | 11 13 14 15 18 20 22 23 25 27 | 27.0
Throwing       | 11 13 14 15 18 20 22 23 25 27 | 27.0
Armour         | 11 13 14 15 18 20 22 23 25 27 | 27.0
Dodging        | 12 14 15 17 19 20 23 24 26 27 | 27.0
Stealth        | 12 13 14 16 18 20 22 24 26 27 | 27.0
Shields        | 11 13 14 15 18 20 22 23 25 27 | 27.0
Unarmed Combat | 12 14 15 17 19 20 23 24 26 27 | 27.0
Spellcasting   | 11 13 14 15 18 20 22 23 25 27 | 27.0
Conjurations   | 9 11 12 13 15 17 19 20 22 26 | 26.9
Hexes          | 9 11 12 13 15 17 19 20 22 26 | 26.9
Summonings     | 9 11 12 13 15 17 19 20 22 26 | 26.9
Necromancy     | 9 11 12 13 15 17 19 20 22 26 | 26.9
Translocations | 9 11 12 13 15 17 19 20 22 26 | 26.9
Transmutations | 9 11 12 13 15 17 19 20 22 26 | 26.9
Fire Magic     | 9 11 12 13 15 17 19 20 22 26 | 26.9
Ice Magic      | 9 11 12 13 15 17 19 20 22 26 | 26.9
Air Magic      | 9 11 12 13 15 17 19 20 22 26 | 26.9
Earth Magic    | 9 11 12 13 15 17 19 20 22 26 | 26.9
Poison Magic   | 9 11 12 13 15 17 19 20 22 26 | 26.9
Invocations    | 12 14 15 17 19 21 24 25 27 | 27.0
Evocations     | 11 13 14 15 18 20 22 23 25 27 | 27.0

Action                   |  1- 3 |  4- 6 |  7- 9 | 10-12 | 13-15 | 16-18 | 19-21 || total
-------------------------+-------+-------+-------+-------+-------+-------+-------++-------
Melee: Executioner's axe |     1 |       |       |     1 |     6 |     6 |    11 ||    25
